[ AOE2 MATCH · #480077426 ]
UnrankedMagyars vs Britons
[ REPLAY ANALYSIS · EXTRACTED FROM THE RECORDED GAME ]
Feudal
11:59
Castle
17:57
Imperial
—
| APM avg | 21.9 |
| APM peak | 49 |
| eAPM avg | 15.7 |
| Villagers / military | 154 / 95 |
Focus
⚔️ 27.4% · 🌾 72.6%
Knight ×47 · Spearman ×29 · Magyar Huszar ×19
Feudal
11:20
Castle
25:15
Imperial
—
| APM avg | 27.2 |
| APM peak | 91 |
| eAPM avg | 12.8 |
| Villagers / military | 81 / 28 |
Focus
⚔️ 15.2% · 🌾 84.8%
Knight ×13 · Scout Cavalry ×7 · Spearman ×4 · Longbowman ×3 · Battering Ram ×1
Feudal
9:50
Castle
22:47
Imperial
36:51
| APM avg | 41.5 |
| APM peak | 89 |
| eAPM avg | 19.2 |
| Villagers / military | 121 / 171 |
Focus
⚔️ 38.8% · 🌾 61.2%
Archer ×80 · Longbowman ×79 · Mangonel ×4 · Battering Ram ×3 · Monk ×2 · Scorpion ×1
Feudal
8:21
Castle
22:54
Imperial
—
| APM avg | 32.1 |
| APM peak | 83 |
| eAPM avg | 17.1 |
| Villagers / military | 103 / 77 |
Focus
⚔️ 26.2% · 🌾 73.8%
Camel Scout ×46 · Knight ×13 · Battering Ram ×6 · Scout Cavalry ×6 · Scorpion ×2 · Spearman ×2
Feudal
12:55
Castle
17:14
Imperial
41:32
| APM avg | 35.6 |
| APM peak | 86 |
| eAPM avg | 15.9 |
| Villagers / military | 128 / 151 |
Focus
⚔️ 34.4% · 🌾 65.6%
Kipchak ×109 · Skirmisher ×34 · Unknown (1260) ×20 · Scout Cavalry ×4 · Trebuchet (Packed) ×4
Feudal
11:19
Castle
21:56
Imperial
33:55
| APM avg | 22.7 |
| APM peak | 77 |
| eAPM avg | 12.6 |
| Villagers / military | 111 / 144 |
Focus
⚔️ 29.3% · 🌾 70.7%
Gbeto ×68 · Skirmisher ×63 · Militia ×8 · Knight ×3 · Camel Scout ×2
Feudal
11:28
Castle
31:10
Imperial
—
| APM avg | 14.4 |
| APM peak | 38 |
| eAPM avg | 11.0 |
| Villagers / military | 85 / 4 |
Focus
⚔️ 27.3% · 🌾 72.7%
Mangonel ×4
Feudal
9:16
Castle
20:31
Imperial
40:13
| APM avg | 45.3 |
| APM peak | 78 |
| eAPM avg | 20.7 |
| Villagers / military | 163 / 183 |
Focus
⚔️ 37.4% · 🌾 62.6%
Cavalry Archer ×124 · Camel Scout ×37 · Archer ×20 · Knight ×1 · Spearman ×1
Match map
Initial resources + every placement click. Lines = walls · curves = elevation contours. ◆ gold · ⬟ stone · ● berries · ✦ relic · ◌ wall gap
Your base· ✓ Closed at 17:57 · 35t walls · 1 gate(s)
屋顶上的轻骑兵's base· Open — unwalled flank
Omicron's base· ✓ Closed at 22:47 · 40t walls · 1 gate(s)
不開冷氣汗如雨下's base· Open — unwalled flank
熊猫有功夫's base· Open — unwalled flank
nester's base· ✓ Closed at 21:56 · 50t walls · no gate
_xy_2252's base· Open — unwalled flank
Alt2's base· ✓ Closed at 20:31 · 28t walls · 1 gate(s)
Smoothed initial terrain · ◌ = detected wall gap · hover for details
Inputs per minute
— Lex (LowElo) - - 屋顶上的轻骑兵
Build order — Lex (LowElo)
First 150 of 432 actions detected
| 0:01 | Queue | Villager (Male) |
| 0:01 | Queue | Villager (Male) |
| 0:02 | Queue | Villager (Male) |
| 0:02 | Queue | Villager (Male) |
| 0:04 | Build | House |
| 0:06 | Build | House |
| 1:30 | Queue | Villager (Male) |
| 1:30 | Queue | Villager (Male) |
| 1:53 | Build | Lumber Camp |
| 2:09 | Queue | Villager (Male) |
| 2:10 | Queue | Villager (Male) |
| 2:17 | Queue | Villager (Male) |
| 2:18 | Queue | Villager (Male) |
| 2:51 | Queue | Villager (Male) |
| 3:07 | Queue | Villager (Male) |
| 3:08 | Queue | Villager (Male) |
| 3:47 | Queue | Villager (Male) |
| 4:00 | Build | Mill |
| 4:01 | Queue | Villager (Male) |
| 4:44 | Queue | Villager (Male) |
| 4:45 | Queue | Villager (Male) |
| 4:50 | Build | House |
| 4:53 | Build | House |
| 6:04 | Queue | Villager (Male) |
| 6:05 | Queue | Villager (Male) |
| 6:06 | Queue | Villager (Male) |
| 6:16 | Build | Mill |
| 6:19 | Queue | Villager (Male) |
| 7:05 | Queue | Villager (Male) |
| 7:24 | Queue | Villager (Male) |
| 7:25 | Queue | Villager (Male) |
| 8:16 | Build | House |
| 8:45 | Build | Mining Camp |
| 8:50 | Queue | Villager (Male) |
| 8:57 | Research | Loom |
| 8:59 | Research | Feudal Age |
| 9:25 | Build | Palisade Wall |
| 9:30 | Build | Palisade Wall |
| 9:33 | Build | Palisade Wall |
| 10:32 | Build | Barracks |
| 10:38 | Build | House |
| 10:40 | Build | House |
| 11:03 | Build | Palisade Wall |
| 11:07 | Build | Palisade Wall |
| 11:10 | Build | Palisade Wall |
| 11:24 | Build | Palisade Wall |
| 11:39 | Queue | Villager (Male) |
| 11:40 | Queue | Villager (Male) |
| 11:40 | Queue | Villager (Male) |
| 11:59 | Age | Feudal Age |
| 12:29 | Build | Palisade Gate |
| 12:37 | Queue | Villager (Male) |
| 13:06 | Queue | Villager (Male) |
| 13:11 | Build | Farm |
| 13:12 | Build | Farm |
| 13:27 | Build | Stable |
| 13:47 | Queue | Villager (Male) |
| 14:11 | Build | House |
| 14:36 | Build | Blacksmith |
| 14:47 | Build | Palisade Wall |
| 14:52 | Queue | Villager (Male) |
| 14:53 | Queue | Villager (Male) |
| 14:59 | Build | Farm |
| 14:59 | Build | Farm |
| 15:16 | Research | Castle Age |
| 15:29 | Build | Lumber Camp |
| 15:50 | Build | Farm |
| 15:50 | Build | Farm |
| 15:50 | Build | Farm |
| 15:51 | Build | Farm |
| 16:21 | Build | Farm |
| 16:22 | Build | Farm |
| 16:27 | Research | Bloodlines |
| 17:08 | Research | Horse Collar |
| 17:39 | Build | House |
| 17:55 | Research | Double-Bit Axe |
| 17:57 | Age | Castle Age |
| 17:59 | Queue | Villager (Male) |
| 18:00 | Queue | Villager (Male) |
| 18:30 | Build | Town Center |
| 18:35 | Queue | Knight |
| 18:36 | Queue | Knight |
| 18:36 | Queue | Knight |
| 18:42 | Build | Farm |
| 18:43 | Build | Farm |
| 18:43 | Build | Farm |
| 18:43 | Build | Farm |
| 18:44 | Build | Farm |
| 18:44 | Build | Farm |
| 18:51 | Queue | Villager (Male) |
| 18:52 | Queue | Villager (Male) |
| 18:58 | Queue | Villager (Male) |
| 18:59 | Queue | Villager (Male) |
| 19:14 | Build | House |
| 19:18 | Build | House |
| 19:26 | Queue | Knight |
| 19:26 | Queue | Knight |
| 19:49 | Build | House |
| 19:56 | Queue | Knight |
| 19:58 | Queue | Villager (Male) |
| 19:58 | Queue | Villager (Male) |
| 20:17 | Queue | Knight |
| 20:26 | Queue | Villager (Male) |
| 20:26 | Queue | Villager (Male) |
| 20:43 | Queue | Knight |
| 20:44 | Queue | Knight |
| 20:48 | Queue | Villager (Male) |
| 21:06 | Queue | Villager (Male) |
| 21:07 | Queue | Villager (Male) |
| 22:03 | Build | House |
| 22:05 | Build | House |
| 22:07 | Build | House |
| 22:09 | Build | House |
| 22:11 | Build | House |
| 22:13 | Build | House |
| 22:15 | Build | House |
| 22:17 | Build | House |
| 22:22 | Research | Wheelbarrow |
| 22:53 | Build | Farm |
| 22:54 | Build | Farm |
| 22:54 | Build | Farm |
| 22:54 | Build | Farm |
| 22:54 | Build | Farm |
| 22:55 | Build | Farm |
| 22:58 | Queue | Villager (Male) |
| 22:58 | Queue | Villager (Male) |
| 22:58 | Queue | Villager (Male) |
| 22:58 | Queue | Villager (Male) |
| 22:59 | Queue | Villager (Male) |
| 22:59 | Queue | Villager (Male) |
| 23:06 | Build | House |
| 23:43 | Build | House |
| 23:44 | Build | House |
| 23:46 | Build | House |
| 23:48 | Build | House |
| 23:49 | Build | House |
| 23:56 | Build | Market |
| 24:04 | Queue | Villager (Male) |
| 24:04 | Queue | Villager (Male) |
| 24:04 | Queue | Villager (Male) |
| 24:05 | Queue | Villager (Male) |
| 24:12 | Queue | Knight |
| 24:13 | Queue | Knight |
| 24:13 | Queue | Knight |
| 24:13 | Queue | Knight |
| 24:28 | Queue | Villager (Male) |
| 24:29 | Queue | Villager (Male) |
| 24:31 | Build | Farm |
| 24:31 | Build | Farm |
| 24:31 | Build | Farm |
Build order — 屋顶上的轻骑兵
First 150 of 185 actions detected
| 0:02 | Research | Loom |
| 0:03 | Queue | Villager (Male) |
| 0:03 | Queue | Villager (Male) |
| 0:03 | Queue | Villager (Male) |
| 0:22 | Build | House |
| 0:55 | Build | House |
| 0:57 | Build | House |
| 1:01 | Queue | Villager (Male) |
| 1:29 | Queue | Villager (Male) |
| 2:02 | Queue | Villager (Male) |
| 2:07 | Build | House |
| 2:22 | Queue | Villager (Male) |
| 3:15 | Queue | Villager (Male) |
| 3:16 | Queue | Villager (Male) |
| 3:22 | Build | Lumber Camp |
| 4:02 | Queue | Villager (Male) |
| 4:03 | Queue | Villager (Male) |
| 4:16 | Queue | Villager (Male) |
| 4:25 | Queue | Villager (Male) |
| 4:46 | Queue | Villager (Male) |
| 4:52 | Queue | Villager (Male) |
| 5:10 | Queue | Villager (Male) |
| 5:25 | Queue | Villager (Male) |
| 5:39 | Queue | Villager (Male) |
| 6:22 | Build | Mill |
| 7:28 | Build | Mill |
| 7:43 | Queue | Villager (Male) |
| 7:43 | Queue | Villager (Male) |
| 7:52 | Build | House |
| 7:54 | Build | House |
| 7:59 | Build | Palisade Wall |
| 8:40 | Build | Mining Camp |
| 9:10 | Research | Feudal Age |
| 9:27 | Build | Farm |
| 9:41 | Build | House |
| 9:42 | Build | House |
| 10:46 | Build | Barracks |
| 11:20 | Age | Feudal Age |
| 11:23 | Queue | Spearman |
| 11:23 | Queue | Spearman |
| 11:23 | Queue | Spearman |
| 11:24 | Queue | Spearman |
| 11:26 | Queue | Villager (Male) |
| 11:26 | Queue | Villager (Male) |
| 11:26 | Queue | Villager (Male) |
| 11:47 | Build | Watch Tower |
| 11:51 | Queue | Villager (Male) |
| 11:51 | Queue | Villager (Male) |
| 11:51 | Queue | Villager (Male) |
| 12:09 | Build | Mining Camp |
| 12:26 | Build | House |
| 13:23 | Build | Stable |
| 14:25 | Queue | Scout Cavalry ×5 |
| 14:25 | Queue | Scout Cavalry ×2 |
| 15:13 | Build | Palisade Wall |
| 16:09 | Build | Farm |
| 17:06 | Queue | Villager (Male) |
| 17:06 | Queue | Villager (Male) |
| 17:18 | Build | Farm |
| 17:34 | Build | Farm |
| 17:52 | Build | Farm |
| 18:03 | Build | House |
| 18:11 | Build | Palisade Wall |
| 18:19 | Build | Farm |
| 18:35 | Build | Farm |
| 18:51 | Build | Farm |
| 19:05 | Build | Farm |
| 19:44 | Build | Farm |
| 20:11 | Build | Watch Tower |
| 21:25 | Build | Watch Tower |
| 22:01 | Build | Blacksmith |
| 22:35 | Research | Castle Age |
| 23:08 | Research | Double-Bit Axe |
| 23:22 | Research | Horse Collar |
| 23:47 | Research | Stone Mining |
| 24:45 | Research | Scale Barding Armor |
| 24:50 | Queue | Villager (Male) |
| 24:50 | Queue | Villager (Male) |
| 25:15 | Age | Castle Age |
| 25:17 | Queue | Knight ×5 |
| 25:17 | Queue | Knight ×5 |
| 25:22 | Build | Town Center |
| 25:55 | Build | Town Center |
| 26:13 | Queue | Villager (Male) |
| 26:13 | Queue | Villager (Male) |
| 26:39 | Queue | Villager (Male) |
| 26:59 | Queue | Villager (Male) |
| 27:23 | Build | Farm |
| 27:27 | Queue | Villager (Male) |
| 27:31 | Build | Farm |
| 27:35 | Build | Farm |
| 27:37 | Build | Farm |
| 27:38 | Build | Farm |
| 27:40 | Build | Farm |
| 27:42 | Queue | Villager (Male) |
| 28:00 | Build | Farm |
| 28:02 | Queue | Villager (Male) |
| 28:05 | Queue | Villager (Male) |
| 28:06 | Build | Farm |
| 28:29 | Queue | Villager (Male) |
| 28:50 | Queue | Villager (Male) |
| 28:53 | Queue | Villager (Male) |
| 28:55 | Queue | Villager (Male) |
| 29:00 | Queue | Villager (Male) |
| 29:25 | Queue | Knight |
| 29:35 | Research | Scale Barding Armor |
| 29:46 | Queue | Villager (Male) |
| 29:48 | Queue | Villager (Male) |
| 29:52 | Queue | Villager (Male) |
| 30:17 | Queue | Villager (Male) |
| 30:18 | Queue | Villager (Male) |
| 30:49 | Queue | Knight |
| 30:50 | Queue | Knight |
| 31:30 | Build | Castle |
| 32:28 | Research | Fletching |
| 32:49 | Research | Wheelbarrow |
| 32:56 | Build | Farm |
| 32:59 | Queue | Villager (Male) |
| 33:00 | Queue | Villager (Male) |
| 33:00 | Queue | Villager (Male) |
| 33:27 | Build | Town Center |
| 33:32 | Queue | Villager (Male) |
| 33:46 | Build | Siege Workshop |
| 33:56 | Queue | Villager (Male) |
| 34:21 | Build | Town Center |
| 34:51 | Queue | Villager (Male) |
| 34:52 | Queue | Villager (Male) |
| 34:53 | Queue | Villager (Male) |
| 34:55 | Queue | Villager (Male) |
| 34:55 | Queue | Villager (Male) |
| 35:12 | Queue | Longbowman ×3 |
| 35:30 | Queue | Villager (Male) |
| 35:39 | Queue | Villager (Male) |
| 36:02 | Queue | Battering Ram |
| 36:11 | Queue | Villager (Male) |
| 36:11 | Queue | Villager (Male) |
| 36:13 | Queue | Villager (Male) |
| 36:13 | Queue | Villager (Male) |
| 36:15 | Queue | Villager (Male) |
| 36:27 | Build | Farm |
| 36:28 | Build | Farm |
| 36:33 | Build | Farm |
| 36:58 | Build | Farm |
| 37:04 | Research | Heavy Plow |
| 37:23 | Queue | Villager (Male) |
| 37:27 | Research | Town Watch |
| 37:30 | Queue | Villager (Male) |
| 37:31 | Queue | Villager (Male) |
| 37:48 | Build | Farm |
| 37:48 | Build | Farm |
Build order — Omicron
First 150 of 400 actions detected
| 0:01 | Queue | Villager (Male) |
| 0:02 | Build | House |
| 0:03 | Build | House |
| 0:07 | Queue | Villager (Male) |
| 0:07 | Queue | Villager (Male) |
| 0:08 | Queue | Villager (Male) |
| 0:08 | Queue | Villager (Male) |
| 1:18 | Queue | Villager (Male) |
| 1:54 | Build | Lumber Camp |
| 1:59 | Queue | Villager (Male) |
| 2:03 | Queue | Villager (Male) |
| 2:17 | Queue | Villager (Male) |
| 2:37 | Queue | Villager (Male) |
| 3:11 | Queue | Villager (Male) |
| 3:52 | Build | House |
| 3:56 | Queue | Villager (Male) |
| 3:56 | Queue | Villager (Male) |
| 3:57 | Queue | Villager (Male) |
| 4:36 | Build | House |
| 5:03 | Queue | Villager (Male) |
| 5:33 | Build | Mill |
| 5:52 | Queue | Villager (Male) |
| 6:09 | Queue | Villager (Male) |
| 6:18 | Queue | Villager (Male) |
| 6:48 | Queue | Villager (Male) |
| 7:04 | Research | Loom |
| 7:32 | Build | Lumber Camp |
| 7:37 | Build | Lumber Camp |
| 7:40 | Research | Feudal Age |
| 8:02 | Build | Mining Camp |
| 8:09 | Build | Palisade Wall |
| 8:34 | Build | House |
| 8:46 | Build | Barracks |
| 8:48 | Queue | Villager (Male) |
| 8:52 | Queue | Villager (Male) |
| 9:07 | Queue | Villager (Male) |
| 9:15 | Queue | Villager (Male) |
| 9:34 | Build | House |
| 9:37 | Build | Palisade Wall |
| 9:41 | Build | House |
| 9:47 | Queue | Villager (Male) |
| 9:50 | Age | Feudal Age |
| 9:53 | Build | Archery Range |
| 10:03 | Research | Double-Bit Axe |
| 10:10 | Build | House |
| 10:26 | Queue | Villager (Male) |
| 10:26 | Queue | Villager (Male) |
| 10:42 | Build | House |
| 10:46 | Build | Palisade Wall |
| 10:50 | Build | Palisade Wall |
| 10:58 | Queue | Archer |
| 11:07 | Build | Palisade Wall |
| 11:17 | Build | Archery Range |
| 11:20 | Build | Palisade Wall |
| 11:31 | Queue | Villager (Male) |
| 11:34 | Build | Palisade Wall |
| 11:37 | Queue | Villager (Male) |
| 11:46 | Build | Palisade Wall |
| 11:52 | Queue | Villager (Male) |
| 11:57 | Queue | Archer |
| 12:03 | Queue | Villager (Male) |
| 12:07 | Queue | Villager (Male) |
| 12:24 | Build | Blacksmith |
| 12:26 | Build | Palisade Wall |
| 12:29 | Queue | Archer |
| 12:29 | Queue | Archer |
| 12:41 | Queue | Villager (Male) |
| 12:43 | Queue | Archer |
| 12:54 | Queue | Villager (Male) |
| 12:56 | Queue | Archer |
| 12:56 | Queue | Archer |
| 13:08 | Queue | Villager (Male) |
| 13:19 | Research | Fletching |
| 13:57 | Queue | Villager (Male) |
| 13:58 | Queue | Archer |
| 13:58 | Queue | Archer |
| 14:11 | Queue | Villager (Male) |
| 14:12 | Queue | Archer |
| 14:15 | Queue | Villager (Male) |
| 14:26 | Build | Palisade Wall |
| 14:27 | Queue | Villager (Male) |
| 14:28 | Queue | Archer |
| 14:28 | Queue | Archer |
| 14:30 | Build | Farm |
| 14:30 | Build | Farm |
| 14:42 | Queue | Archer |
| 14:42 | Queue | Archer |
| 14:45 | Queue | Villager (Male) |
| 14:54 | Build | Farm |
| 14:54 | Build | Farm |
| 14:58 | Queue | Archer |
| 15:04 | Build | Farm |
| 15:05 | Queue | Villager (Male) |
| 15:21 | Build | House |
| 15:22 | Build | House |
| 15:34 | Queue | Archer |
| 15:45 | Queue | Villager (Male) |
| 15:51 | Build | Farm |
| 15:52 | Build | Farm |
| 15:52 | Build | Farm |
| 16:11 | Queue | Archer |
| 16:15 | Build | Farm |
| 16:31 | Queue | Archer |
| 16:43 | Queue | Archer |
| 16:56 | Queue | Archer |
| 16:56 | Queue | Archer |
| 17:07 | Queue | Archer |
| 17:08 | Queue | Villager (Male) |
| 17:15 | Build | House |
| 17:51 | Queue | Villager (Male) |
| 17:52 | Queue | Archer |
| 17:55 | Build | Farm |
| 17:56 | Build | Farm |
| 17:56 | Build | Farm |
| 18:12 | Queue | Archer |
| 18:15 | Build | Farm |
| 18:21 | Build | Farm |
| 18:28 | Queue | Archer |
| 18:29 | Queue | Archer |
| 19:33 | Queue | Villager (Male) |
| 19:44 | Queue | Villager (Male) |
| 19:47 | Build | House |
| 19:48 | Build | House |
| 19:50 | Queue | Villager (Male) |
| 19:54 | Build | Market |
| 19:58 | Build | House |
| 19:58 | Build | House |
| 20:07 | Research | Castle Age |
| 20:08 | Build | Farm |
| 20:25 | Build | Mining Camp |
| 20:30 | Build | Farm |
| 21:05 | Queue | Villager (Male) |
| 21:05 | Queue | Archer |
| 21:06 | Queue | Archer |
| 21:13 | Build | Palisade Gate |
| 21:20 | Research | Padded Archer Armor |
| 21:23 | Build | House |
| 21:23 | Build | House |
| 21:25 | Build | House |
| 21:26 | Queue | Villager (Male) |
| 21:28 | Build | House |
| 21:29 | Build | House |
| 21:30 | Queue | Villager (Male) |
| 21:33 | Research | Horse Collar |
| 21:39 | Queue | Archer |
| 21:39 | Queue | Archer |
| 22:02 | Queue | Archer |
| 22:02 | Queue | Archer |
| 22:13 | Build | House |
| 22:14 | Build | House |
Build order — 不開冷氣汗如雨下
First 150 of 293 actions detected
| 0:02 | Queue | Villager (Male) |
| 0:02 | Queue | Villager (Male) |
| 0:04 | Build | House |
| 0:05 | Build | House |
| 0:11 | Queue | Villager (Male) |
| 0:12 | Queue | Villager (Male) |
| 0:12 | Queue | Villager (Male) |
| 0:12 | Queue | Villager (Male) |
| 1:25 | Queue | Villager (Male) |
| 1:58 | Queue | Villager (Male) |
| 1:58 | Queue | Villager (Male) |
| 2:13 | Queue | Villager (Male) |
| 3:28 | Build | Lumber Camp |
| 3:29 | Queue | Villager (Male) |
| 3:45 | Queue | Villager (Male) |
| 3:46 | Queue | Villager (Male) |
| 3:51 | Queue | Villager (Male) |
| 3:51 | Queue | Villager (Male) |
| 3:52 | Queue | Villager (Male) |
| 3:58 | Build | House |
| 3:59 | Build | House |
| 5:18 | Build | Mill |
| 5:26 | Queue | Villager (Male) |
| 5:53 | Queue | Villager (Male) |
| 5:56 | Queue | Villager (Male) |
| 6:17 | Research | Feudal Age |
| 7:06 | Build | House |
| 7:08 | Build | Palisade Wall |
| 7:31 | Build | Barracks |
| 7:41 | Build | House |
| 7:54 | Queue | Villager (Male) |
| 8:21 | Age | Feudal Age |
| 8:27 | Queue | Villager (Male) |
| 8:29 | Build | Stable |
| 8:41 | Research | Double-Bit Axe |
| 8:45 | Queue | Villager (Male) |
| 9:19 | Queue | Villager (Male) |
| 9:30 | Queue | Villager (Male) |
| 9:49 | Queue | Scout Cavalry |
| 9:53 | Research | Loom |
| 9:57 | Build | Mill |
| 10:26 | Queue | Villager (Male) |
| 10:31 | Queue | Villager (Male) |
| 11:07 | Queue | Scout Cavalry |
| 11:25 | Queue | Scout Cavalry |
| 11:31 | Build | Farm |
| 11:35 | Queue | Villager (Male) |
| 11:48 | Queue | Villager (Male) |
| 12:02 | Build | Farm |
| 12:07 | Queue | Scout Cavalry |
| 12:23 | Queue | Villager (Male) |
| 12:28 | Build | Blacksmith |
| 12:30 | Build | Market |
| 12:42 | Queue | Villager (Male) |
| 13:04 | Queue | Villager (Male) |
| 13:07 | Build | Farm |
| 13:10 | Queue | Villager (Male) |
| 13:18 | Build | House |
| 13:19 | Build | House |
| 13:25 | Queue | Scout Cavalry |
| 14:00 | Queue | Villager (Male) |
| 14:02 | Build | Farm |
| 14:04 | Build | Farm |
| 14:06 | Build | Farm |
| 14:06 | Queue | Villager (Male) |
| 14:09 | Build | Farm |
| 14:16 | Build | House |
| 14:32 | Queue | Villager (Male) |
| 14:34 | Build | Farm |
| 14:37 | Build | Farm |
| 14:41 | Build | Farm |
| 14:41 | Build | Farm |
| 14:45 | Build | House |
| 14:47 | Build | House |
| 15:15 | Queue | Villager (Male) |
| 15:21 | Research | Scale Barding Armor |
| 15:28 | Build | Palisade Wall |
| 15:30 | Build | Palisade Gate |
| 15:32 | Queue | Villager (Male) |
| 16:11 | Queue | Villager (Male) |
| 16:18 | Queue | Villager (Male) |
| 16:20 | Build | Farm |
| 16:21 | Build | Farm |
| 16:22 | Build | Farm |
| 16:24 | Build | Farm |
| 16:28 | Build | Farm |
| 16:29 | Queue | Villager (Male) |
| 16:35 | Build | Lumber Camp |
| 16:42 | Build | House |
| 16:47 | Build | Palisade Wall |
| 16:50 | Build | Palisade Gate |
| 17:23 | Research | Wheelbarrow |
| 17:25 | Build | Mining Camp |
| 17:27 | Queue | Villager (Male) |
| 17:34 | Queue | Villager (Male) |
| 17:36 | Queue | Villager (Male) |
| 17:39 | Research | Horse Collar |
| 17:58 | Build | House |
| 17:59 | Build | House |
| 18:06 | Queue | Scout Cavalry |
| 18:19 | Research | Gold Mining |
| 18:31 | Queue | Spearman |
| 18:33 | Queue | Spearman |
| 18:37 | Build | Palisade Wall |
| 18:39 | Build | Palisade Gate |
| 19:20 | Build | Stable |
| 19:26 | Queue | Villager (Male) |
| 20:28 | Research | Castle Age |
| 20:55 | Build | Stable |
| 20:58 | Build | House |
| 21:09 | Research | Forging |
| 22:44 | Build | Farm |
| 22:46 | Build | Farm |
| 22:47 | Queue | Villager (Male) |
| 22:54 | Age | Castle Age |
| 22:58 | Research | Husbandry |
| 22:58 | Queue | Knight |
| 22:58 | Queue | Knight |
| 22:59 | Queue | Knight |
| 22:59 | Queue | Knight |
| 23:00 | Queue | Knight |
| 23:00 | Queue | Knight |
| 23:04 | Build | Town Center |
| 23:10 | Research | Chain Barding Armor |
| 23:27 | Queue | Knight |
| 23:30 | Queue | Knight |
| 23:52 | Queue | Knight |
| 23:54 | Queue | Knight |
| 23:58 | Queue | Camel Scout |
| 24:04 | Build | Farm |
| 24:06 | Build | Farm |
| 24:12 | Queue | Villager (Male) |
| 24:46 | Queue | Camel Scout |
| 24:49 | Queue | Camel Scout |
| 24:52 | Queue | Camel Scout |
| 25:01 | Queue | Villager (Male) |
| 25:39 | Build | Town Center |
| 25:47 | Queue | Camel Scout |
| 25:54 | Queue | Camel Scout |
| 26:25 | Queue | Camel Scout |
| 26:27 | Queue | Camel Scout |
| 26:56 | Queue | Villager (Male) |
| 27:11 | Queue | Camel Scout |
| 27:12 | Queue | Camel Scout |
| 27:23 | Queue | Camel Scout |
| 27:25 | Queue | Camel Scout |
| 27:26 | Queue | Camel Scout |
| 27:28 | Queue | Villager (Male) |
| 27:33 | Research | Town Watch |
| 27:49 | Queue | Villager (Male) |
Build order — 熊猫有功夫
First 150 of 360 actions detected
| 0:02 | Build | House |
| 0:05 | Build | House |
| 0:05 | Queue | Villager (Male) |
| 0:06 | Queue | Villager (Male) |
| 0:55 | Queue | Villager (Male) |
| 0:55 | Queue | Villager (Male) |
| 1:33 | Queue | Villager (Male) |
| 1:55 | Build | Lumber Camp |
| 2:09 | Queue | Villager (Male) |
| 2:39 | Queue | Villager (Male) |
| 3:46 | Queue | Villager (Male) |
| 3:56 | Build | House |
| 3:58 | Build | House |
| 4:07 | Queue | Villager (Male) |
| 4:40 | Queue | Villager (Male) |
| 4:41 | Queue | Villager (Male) |
| 5:10 | Build | Mill |
| 5:44 | Queue | Villager (Male) |
| 5:44 | Queue | Villager (Male) |
| 5:45 | Queue | Villager (Male) |
| 7:05 | Build | Mill |
| 7:25 | Queue | Villager (Male) |
| 7:26 | Queue | Villager (Male) |
| 7:26 | Queue | Villager (Male) |
| 7:26 | Queue | Villager (Male) |
| 7:27 | Queue | Villager (Male) |
| 7:27 | Queue | Villager (Male) |
| 7:27 | Queue | Villager (Male) |
| 7:28 | Queue | Villager (Male) |
| 8:59 | Build | House |
| 9:02 | Build | House |
| 9:40 | Build | Mining Camp |
| 10:05 | Build | Mining Camp |
| 10:11 | Research | Feudal Age |
| 10:23 | Build | Farm |
| 10:26 | Build | Farm |
| 10:52 | Queue | Villager (Male) |
| 10:52 | Queue | Villager (Male) |
| 12:55 | Age | Feudal Age |
| 12:57 | Build | Market |
| 13:25 | Build | Blacksmith |
| 13:30 | Queue | Villager (Male) |
| 14:05 | Build | House |
| 14:11 | Build | House |
| 14:19 | Research | Double-Bit Axe |
| 14:34 | Research | Castle Age |
| 14:48 | Research | Horse Collar |
| 15:13 | Build | House |
| 15:19 | Build | Palisade Wall |
| 16:05 | Build | House |
| 16:28 | Build | Palisade Wall |
| 16:34 | Build | Palisade Wall |
| 16:36 | Build | Palisade Wall |
| 17:01 | Queue | Villager (Male) |
| 17:01 | Queue | Villager (Male) |
| 17:14 | Age | Castle Age |
| 17:19 | Build | Castle |
| 17:30 | Build | Farm |
| 17:33 | Build | Farm |
| 18:05 | Build | House |
| 18:31 | Queue | Villager (Male) |
| 18:32 | Queue | Villager (Male) |
| 18:32 | Queue | Villager (Male) |
| 18:32 | Queue | Villager (Male) |
| 18:38 | Research | Fletching |
| 18:43 | Build | Farm |
| 18:46 | Build | Farm |
| 18:55 | Build | Farm |
| 19:04 | Queue | Kipchak |
| 19:04 | Queue | Kipchak |
| 19:05 | Queue | Kipchak |
| 19:05 | Queue | Kipchak |
| 19:06 | Queue | Kipchak |
| 19:06 | Queue | Kipchak |
| 19:06 | Queue | Kipchak |
| 19:07 | Queue | Kipchak |
| 19:31 | Build | Farm |
| 19:33 | Build | Farm |
| 19:34 | Build | Farm |
| 19:58 | Build | Town Center |
| 20:28 | Build | House |
| 20:33 | Build | House |
| 20:40 | Build | Palisade Gate |
| 20:49 | Build | Palisade Wall |
| 21:06 | Queue | Villager (Male) |
| 21:07 | Queue | Villager (Male) |
| 21:07 | Queue | Villager (Male) |
| 21:13 | Research | Gold Mining |
| 21:38 | Queue | Villager (Male) |
| 21:40 | Queue | Villager (Male) |
| 21:41 | Build | Farm |
| 21:49 | Build | House |
| 22:11 | Build | Farm |
| 22:12 | Queue | Villager (Male) ×3 |
| 22:38 | Queue | Kipchak |
| 22:38 | Queue | Kipchak |
| 22:50 | Queue | Villager (Male) ×3 |
| 23:30 | Queue | Kipchak |
| 23:37 | Build | Town Center |
| 23:46 | Queue | Villager (Male) ×4 |
| 24:08 | Research | Padded Archer Armor |
| 24:09 | Research | Padded Archer Armor |
| 24:33 | Build | Barracks |
| 24:40 | Queue | Kipchak |
| 24:42 | Queue | Villager (Male) ×2 |
| 24:52 | Queue | Kipchak |
| 24:57 | Queue | Kipchak |
| 25:06 | Research | Leather Archer Armor |
| 25:19 | Build | University |
| 25:24 | Queue | Villager (Male) ×2 |
| 25:36 | Build | Stable |
| 25:39 | Build | House |
| 25:40 | Build | House |
| 25:43 | Queue | Villager (Male) |
| 25:47 | Queue | Kipchak |
| 25:48 | Queue | Kipchak |
| 25:49 | Queue | Kipchak |
| 25:51 | Queue | Villager (Male) |
| 25:56 | Build | Farm |
| 26:01 | Build | Farm |
| 26:11 | Queue | Villager (Male) ×2 |
| 26:45 | Research | Bloodlines |
| 26:50 | Queue | Villager (Male) |
| 26:51 | Queue | Villager (Male) |
| 26:52 | Queue | Kipchak |
| 26:52 | Queue | Kipchak |
| 26:53 | Queue | Kipchak |
| 26:53 | Queue | Kipchak |
| 26:53 | Queue | Kipchak |
| 26:56 | Build | House |
| 26:58 | Build | House |
| 27:00 | Build | House |
| 27:05 | Queue | Kipchak |
| 27:06 | Queue | Kipchak |
| 27:18 | Build | Castle |
| 27:29 | Queue | Villager (Male) ×4 |
| 28:26 | Build | House |
| 28:33 | Build | House |
| 28:35 | Build | House |
| 28:38 | Build | House |
| 28:41 | Build | House |
| 28:46 | Build | House |
| 28:48 | Build | House |
| 29:07 | Build | House |
| 29:09 | Build | House |
| 29:09 | Build | House |
| 29:20 | Build | Farm |
| 29:26 | Build | House |
| 29:27 | Build | House |
| 29:40 | Build | Lumber Camp |
Build order — nester
First 150 of 344 actions detected
| 0:01 | Queue | Villager (Male) |
| 0:01 | Queue | Villager (Male) |
| 0:02 | Build | House |
| 0:04 | Build | House |
| 0:04 | Queue | Villager (Male) |
| 0:05 | Queue | Villager (Male) |
| 1:27 | Queue | Villager (Male) |
| 1:45 | Build | Lumber Camp |
| 2:02 | Queue | Villager (Male) |
| 2:27 | Queue | Villager (Male) |
| 2:56 | Queue | Villager (Male) |
| 3:05 | Build | House |
| 3:21 | Queue | Villager (Male) |
| 3:21 | Queue | Villager (Male) |
| 3:29 | Build | House |
| 3:33 | Build | House |
| 3:57 | Queue | Villager (Male) |
| 4:34 | Queue | Villager (Male) |
| 4:35 | Queue | Villager (Male) |
| 4:35 | Queue | Villager (Male) |
| 4:36 | Queue | Villager (Male) |
| 4:36 | Queue | Villager (Male) |
| 5:41 | Queue | Villager (Male) |
| 5:45 | Queue | Villager (Male) |
| 5:47 | Build | Mill |
| 6:12 | Queue | Villager (Male) |
| 6:12 | Queue | Villager (Male) |
| 6:38 | Queue | Villager (Male) |
| 6:44 | Build | Mill |
| 6:55 | Queue | Villager (Male) |
| 7:36 | Queue | Villager (Male) |
| 7:37 | Queue | Villager (Male) |
| 8:14 | Build | House |
| 8:24 | Research | Loom |
| 8:45 | Build | Barracks |
| 8:50 | Research | Feudal Age |
| 8:56 | Build | Mining Camp |
| 9:30 | Queue | Militia |
| 9:31 | Queue | Militia |
| 9:31 | Queue | Militia |
| 9:31 | Queue | Militia |
| 9:54 | Build | Palisade Wall |
| 9:56 | Build | Palisade Wall |
| 9:59 | Build | Palisade Wall |
| 10:11 | Queue | Militia |
| 10:11 | Queue | Militia |
| 10:20 | Build | House |
| 10:22 | Build | House |
| 10:30 | Build | Palisade Wall |
| 10:32 | Build | Palisade Wall |
| 10:34 | Build | Palisade Wall |
| 10:36 | Queue | Villager (Male) |
| 10:36 | Queue | Villager (Male) |
| 11:19 | Queue | Militia |
| 11:19 | Age | Feudal Age |
| 11:20 | Queue | Militia |
| 11:31 | Build | Blacksmith |
| 11:35 | Build | House |
| 11:39 | Research | Man-at-Arms (upgrade) |
| 11:54 | Research | Arson |
| 12:14 | Build | Market |
| 12:17 | Build | House |
| 12:18 | Build | House |
| 12:22 | Queue | Villager (Male) |
| 12:22 | Queue | Villager (Male) |
| 12:23 | Queue | Villager (Male) |
| 15:12 | Queue | Villager (Male) |
| 15:15 | Build | Lumber Camp |
| 15:18 | Build | Farm |
| 15:18 | Build | Farm |
| 15:19 | Build | Farm |
| 15:19 | Build | Farm |
| 15:19 | Build | Farm |
| 15:19 | Build | Farm |
| 15:20 | Build | Farm |
| 15:20 | Build | Farm |
| 15:20 | Build | Farm |
| 16:11 | Queue | Villager (Male) |
| 16:12 | Queue | Villager (Male) |
| 16:15 | Build | Farm |
| 16:15 | Build | Farm |
| 16:15 | Build | Farm |
| 16:15 | Build | Farm |
| 16:16 | Build | Farm |
| 16:19 | Queue | Villager (Male) |
| 16:19 | Queue | Villager (Male) |
| 16:20 | Queue | Villager (Male) |
| 16:21 | Queue | Villager (Male) |
| 17:52 | Queue | Villager (Male) |
| 18:06 | Build | Farm |
| 18:06 | Build | Farm |
| 18:07 | Build | Farm |
| 18:12 | Build | Farm |
| 18:43 | Build | Mining Camp |
| 18:57 | Build | Mill |
| 18:58 | Build | Farm |
| 18:58 | Build | Farm |
| 18:58 | Build | Farm |
| 18:59 | Build | Farm |
| 18:59 | Build | Farm |
| 18:59 | Build | Farm |
| 19:00 | Build | Farm |
| 19:16 | Research | Castle Age |
| 19:19 | Queue | Villager (Male) |
| 19:19 | Queue | Villager (Male) |
| 20:07 | Build | Stable |
| 20:38 | Build | Palisade Wall |
| 20:51 | Build | Mining Camp |
| 21:25 | Queue | Villager (Male) |
| 21:25 | Queue | Villager (Male) |
| 21:56 | Age | Castle Age |
| 22:00 | Build | Town Center |
| 22:10 | Build | Town Center |
| 22:12 | Queue | Villager (Male) |
| 22:12 | Queue | Villager (Male) |
| 22:17 | Queue | Villager (Male) |
| 22:17 | Queue | Villager (Male) |
| 22:17 | Queue | Villager (Male) |
| 22:42 | Build | House |
| 23:07 | Queue | Villager (Male) |
| 23:07 | Queue | Villager (Male) |
| 23:08 | Queue | Villager (Male) |
| 23:08 | Queue | Villager (Male) |
| 23:08 | Queue | Villager (Male) |
| 23:09 | Queue | Villager (Male) |
| 23:09 | Queue | Villager (Male) |
| 23:10 | Queue | Villager (Male) |
| 23:10 | Queue | Villager (Male) |
| 23:18 | Research | Wheelbarrow |
| 23:19 | Queue | Villager (Male) |
| 23:19 | Queue | Villager (Male) |
| 23:19 | Queue | Villager (Male) |
| 23:20 | Queue | Villager (Male) |
| 23:20 | Queue | Villager (Male) |
| 23:23 | Queue | Villager (Male) |
| 23:24 | Queue | Villager (Male) |
| 23:24 | Queue | Villager (Male) |
| 23:25 | Queue | Villager (Male) |
| 23:25 | Queue | Villager (Male) |
| 23:45 | Build | Palisade Gate |
| 24:05 | Queue | Villager (Male) |
| 24:06 | Queue | Villager (Male) |
| 24:06 | Queue | Villager (Male) |
| 24:07 | Queue | Villager (Male) |
| 24:15 | Build | Outpost |
| 24:16 | Build | Outpost |
| 24:18 | Build | Outpost |
| 24:20 | Build | Outpost |
| 24:22 | Build | Outpost |
| 24:27 | Research | Double-Bit Axe |
Build order — _xy_2252
First 150 of 225 actions detected
| 0:02 | Queue | Villager (Male) |
| 0:02 | Queue | Villager (Male) |
| 0:02 | Queue | Villager (Male) |
| 0:05 | Build | House |
| 0:07 | Build | House |
| 0:11 | Queue | Villager (Male) |
| 0:12 | Queue | Villager (Male) |
| 1:25 | Build | Lumber Camp |
| 1:30 | Queue | Villager (Male) |
| 1:30 | Queue | Villager (Male) |
| 1:31 | Queue | Villager (Male) |
| 2:02 | Research | Loom |
| 2:02 | Research | Loom |
| 2:09 | Queue | Villager (Male) |
| 2:09 | Queue | Villager (Male) |
| 2:34 | Queue | Villager (Male) |
| 3:02 | Queue | Villager (Male) |
| 3:03 | Queue | Villager (Male) |
| 3:32 | Queue | Villager (Male) |
| 3:32 | Queue | Villager (Male) |
| 3:39 | Build | Mill |
| 4:18 | Queue | Villager (Male) |
| 4:18 | Queue | Villager (Male) |
| 4:18 | Queue | Villager (Male) |
| 4:22 | Build | House |
| 4:38 | Queue | Villager (Male) |
| 4:39 | Queue | Villager (Male) |
| 4:48 | Build | House |
| 5:33 | Queue | Villager (Male) |
| 5:33 | Queue | Villager (Male) |
| 5:33 | Queue | Villager (Male) |
| 5:43 | Queue | Villager (Male) |
| 5:44 | Queue | Villager (Male) |
| 6:07 | Build | Palisade Wall |
| 6:15 | Build | Palisade Wall |
| 7:05 | Queue | Villager (Male) |
| 7:30 | Build | Palisade Wall |
| 7:48 | Build | House |
| 7:55 | Queue | Villager (Male) |
| 8:13 | Queue | Villager (Male) |
| 8:20 | Queue | Villager (Male) |
| 8:22 | Build | Farm |
| 8:39 | Build | Farm |
| 8:57 | Build | Farm |
| 9:04 | Build | Farm |
| 9:17 | Research | Feudal Age |
| 9:17 | Research | Feudal Age |
| 9:28 | Build | Farm |
| 9:39 | Build | Mining Camp |
| 10:14 | Build | Palisade Wall |
| 11:28 | Age | Feudal Age |
| 11:32 | Research | Wheelbarrow |
| 11:32 | Research | Wheelbarrow |
| 11:33 | Research | Double-Bit Axe |
| 11:34 | Research | Double-Bit Axe |
| 11:48 | Build | Market |
| 12:05 | Research | Horse Collar |
| 12:06 | Research | Horse Collar |
| 12:11 | Queue | Villager (Male) |
| 12:26 | Build | Farm |
| 12:31 | Build | Farm |
| 12:39 | Build | Farm |
| 12:41 | Queue | Villager (Male) |
| 12:52 | Queue | Villager (Male) |
| 13:04 | Build | Blacksmith |
| 13:13 | Queue | Villager (Male) |
| 13:22 | Queue | Villager (Male) |
| 13:24 | Queue | Villager (Male) |
| 13:28 | Build | Stone Wall |
| 13:33 | Build | Watch Tower |
| 13:37 | Build | Stone Wall |
| 14:13 | Queue | Villager (Male) |
| 14:18 | Queue | Villager (Male) |
| 14:18 | Queue | Villager (Male) |
| 14:19 | Queue | Villager (Male) |
| 14:38 | Queue | Villager (Male) |
| 14:39 | Queue | Villager (Male) |
| 14:39 | Queue | Villager (Male) |
| 14:39 | Queue | Villager (Male) |
| 14:40 | Queue | Villager (Male) |
| 14:48 | Build | Mining Camp |
| 15:30 | Research | Stone Mining |
| 15:30 | Research | Stone Mining |
| 15:56 | Build | Watch Tower |
| 15:58 | Queue | Villager (Male) |
| 16:04 | Build | Stone Wall |
| 16:16 | Queue | Villager (Male) |
| 16:34 | Queue | Villager (Male) |
| 16:38 | Build | Stone Wall |
| 16:43 | Queue | Villager (Male) |
| 16:59 | Queue | Villager (Male) |
| 17:33 | Queue | Villager (Male) |
| 17:45 | Queue | Villager (Male) |
| 18:26 | Build | Watch Tower |
| 18:27 | Queue | Villager (Male) |
| 18:43 | Queue | Villager (Male) |
| 18:53 | Queue | Villager (Male) |
| 19:01 | Build | Stone Wall |
| 19:11 | Build | House |
| 19:44 | Queue | Villager (Male) |
| 19:53 | Queue | Villager (Male) |
| 19:59 | Build | Mining Camp |
| 20:03 | Build | Farm |
| 20:04 | Build | Farm |
| 20:05 | Build | Farm |
| 20:06 | Build | Farm |
| 20:07 | Build | Farm |
| 20:08 | Build | Farm |
| 20:12 | Build | Mill |
| 20:14 | Build | Farm |
| 20:16 | Queue | Villager (Male) |
| 20:31 | Build | House |
| 20:38 | Research | Town Watch |
| 20:39 | Research | Town Watch |
| 20:39 | Queue | Villager (Male) |
| 20:44 | Build | Farm |
| 20:45 | Build | Farm |
| 20:46 | Build | Farm |
| 20:53 | Research | Stone Mining |
| 20:54 | Research | Stone Mining |
| 21:00 | Build | Farm |
| 21:05 | Queue | Villager (Male) |
| 21:10 | Research | Fletching |
| 21:10 | Research | Fletching |
| 21:10 | Research | Fletching |
| 21:16 | Build | House |
| 21:24 | Queue | Villager (Male) |
| 21:31 | Queue | Villager (Male) |
| 21:32 | Queue | Villager (Male) |
| 21:37 | Build | House |
| 21:42 | Build | House |
| 21:45 | Build | House |
| 21:51 | Queue | Villager (Male) |
| 21:53 | Queue | Villager (Male) |
| 22:04 | Build | Stone Wall |
| 22:16 | Build | House |
| 22:18 | Build | House |
| 22:21 | Build | Stone Wall |
| 22:35 | Build | Stone Wall |
| 22:45 | Build | Lumber Camp |
| 22:50 | Research | Gold Mining |
| 22:50 | Research | Gold Mining |
| 22:54 | Queue | Villager (Male) |
| 23:12 | Build | Farm |
| 23:14 | Queue | Villager (Male) |
| 23:28 | Build | Stone Wall |
| 23:40 | Build | Stone Wall |
| 23:45 | Queue | Villager (Male) |
| 23:49 | Build | Farm |
| 23:50 | Build | Farm |
Build order — Alt2
First 150 of 517 actions detected
| 0:01 | Queue | Villager (Male) |
| 0:01 | Queue | Villager (Male) |
| 0:01 | Queue | Villager (Male) |
| 0:01 | Queue | Villager (Male) |
| 0:02 | Build | House |
| 0:04 | Build | House |
| 1:27 | Queue | Villager (Male) |
| 1:27 | Queue | Villager (Male) |
| 2:01 | Queue | Villager (Male) |
| 2:01 | Queue | Villager (Male) |
| 2:01 | Queue | Villager (Male) |
| 2:21 | Queue | Villager (Male) |
| 2:21 | Queue | Villager (Male) |
| 2:24 | Build | Lumber Camp |
| 2:40 | Queue | Villager (Male) |
| 2:41 | Queue | Villager (Male) |
| 2:41 | Queue | Villager (Male) |
| 3:15 | Queue | Villager (Male) |
| 3:16 | Queue | Villager (Male) |
| 3:18 | Queue | Villager (Male) |
| 3:18 | Queue | Villager (Male) |
| 4:02 | Queue | Villager (Male) |
| 4:02 | Queue | Villager (Male) |
| 4:02 | Queue | Villager (Male) |
| 4:02 | Queue | Villager (Male) |
| 4:22 | Build | House |
| 4:41 | Build | Mill |
| 5:05 | Queue | Villager (Male) |
| 5:06 | Queue | Villager (Male) |
| 5:17 | Queue | Villager (Male) |
| 5:17 | Queue | Villager (Male) |
| 5:26 | Queue | Villager (Male) |
| 5:30 | Queue | Villager (Male) |
| 5:38 | Queue | Villager (Male) |
| 5:38 | Queue | Villager (Male) |
| 6:51 | Research | Feudal Age |
| 7:02 | Build | Mining Camp |
| 7:04 | Queue | Villager (Male) |
| 7:10 | Research | Loom |
| 7:10 | Queue | Villager (Male) |
| 7:11 | Queue | Villager (Male) |
| 8:17 | Build | Barracks |
| 8:22 | Build | House |
| 9:16 | Age | Feudal Age |
| 9:18 | Build | Archery Range |
| 9:27 | Research | Double-Bit Axe |
| 9:27 | Research | Double-Bit Axe |
| 9:28 | Research | Double-Bit Axe |
| 9:45 | Queue | Villager (Male) |
| 9:49 | Build | House |
| 9:54 | Queue | Villager (Male) |
| 10:24 | Queue | Archer |
| 10:24 | Queue | Archer |
| 10:27 | Build | Palisade Wall |
| 10:43 | Build | Blacksmith |
| 10:50 | Queue | Villager (Male) |
| 10:59 | Build | Palisade Wall |
| 11:01 | Queue | Archer |
| 11:03 | Queue | Villager (Male) |
| 11:04 | Queue | Spearman |
| 11:07 | Queue | Villager (Male) |
| 11:28 | Build | House |
| 11:31 | Build | Palisade Wall |
| 12:12 | Queue | Archer |
| 12:22 | Build | House |
| 12:23 | Build | House |
| 12:24 | Build | House |
| 12:33 | Queue | Archer |
| 12:39 | Build | Farm |
| 12:39 | Build | Farm |
| 12:39 | Build | Farm |
| 12:40 | Build | Farm |
| 12:40 | Build | Farm |
| 12:51 | Queue | Villager (Male) |
| 12:51 | Queue | Villager (Male) |
| 12:52 | Queue | Villager (Male) |
| 12:52 | Queue | Villager (Male) |
| 12:52 | Queue | Villager (Male) |
| 12:52 | Queue | Villager (Male) |
| 13:02 | Research | Fletching |
| 13:11 | Build | House |
| 13:16 | Build | Palisade Wall |
| 13:21 | Queue | Villager (Male) |
| 13:32 | Queue | Archer |
| 13:32 | Queue | Villager (Male) |
| 13:33 | Queue | Villager (Male) |
| 13:58 | Queue | Villager (Male) |
| 13:58 | Queue | Villager (Male) |
| 13:58 | Queue | Archer |
| 13:58 | Queue | Archer |
| 14:16 | Queue | Villager (Male) |
| 14:29 | Queue | Archer |
| 14:34 | Build | Farm |
| 14:34 | Build | Farm |
| 14:34 | Build | Farm |
| 14:34 | Build | Farm |
| 14:34 | Build | Farm |
| 14:41 | Build | Farm |
| 14:41 | Build | Farm |
| 14:42 | Build | Farm |
| 14:42 | Build | Farm |
| 14:42 | Build | Farm |
| 14:43 | Build | Farm |
| 15:05 | Build | House |
| 15:06 | Build | House |
| 15:07 | Build | House |
| 15:13 | Build | Palisade Wall |
| 15:42 | Queue | Villager (Male) |
| 15:47 | Build | House |
| 15:55 | Queue | Villager (Male) |
| 16:24 | Queue | Villager (Male) |
| 16:31 | Queue | Archer |
| 16:49 | Build | Archery Range |
| 16:53 | Build | Palisade Gate |
| 16:55 | Queue | Villager (Male) |
| 16:55 | Queue | Archer |
| 16:56 | Queue | Archer |
| 17:13 | Queue | Villager (Male) |
| 17:13 | Queue | Archer |
| 17:13 | Queue | Archer |
| 17:23 | Build | Farm |
| 17:40 | Research | Castle Age |
| 17:43 | Queue | Archer |
| 17:43 | Queue | Archer |
| 17:49 | Queue | Archer |
| 17:49 | Queue | Archer |
| 17:53 | Build | House |
| 18:08 | Build | Lumber Camp |
| 18:13 | Queue | Archer |
| 18:13 | Queue | Archer |
| 18:26 | Research | Gold Mining |
| 18:27 | Research | Gold Mining |
| 18:41 | Research | Horse Collar |
| 18:41 | Research | Horse Collar |
| 19:24 | Queue | Villager (Male) |
| 19:26 | Queue | Villager (Male) |
| 20:17 | Queue | Villager (Male) |
| 20:17 | Queue | Villager (Male) |
| 20:23 | Build | Stable |
| 20:31 | Age | Castle Age |
| 20:39 | Queue | Cavalry Archer |
| 20:39 | Queue | Cavalry Archer |
| 20:39 | Queue | Cavalry Archer |
| 21:09 | Queue | Villager (Male) |
| 21:11 | Queue | Villager (Male) |
| 21:36 | Queue | Villager (Male) |
| 21:40 | Build | House |
| 21:41 | Build | House |
| 21:43 | Build | Palisade Wall |
| 21:50 | Build | Town Center |
Match timeline
| 6:07 | _xy_2252 · wall_segment Palisade Wall x14 |
| 6:15 | _xy_2252 · wall_segment Palisade Wall x23 |
| 7:08 | 不開冷氣汗如雨下 · wall_segment Palisade Wall x1 |
| 7:30 | _xy_2252 · wall_segment Palisade Wall x16 |
| 7:31 | 不開冷氣汗如雨下 · first_building Barracks |
| 7:59 | 屋顶上的轻骑兵 · wall_segment Palisade Wall x1 |
| 8:09 | Omicron · wall_segment Palisade Wall x4 |
| 8:17 | Alt2 · first_building Barracks |
| 8:21 | 不開冷氣汗如雨下 · age_up feudal |
| 8:29 | 不開冷氣汗如雨下 · first_building Stable |
| 8:45 | nester · first_building Barracks |
| 8:46 | Omicron · first_building Barracks |
| 9:16 | Alt2 · age_up feudal |
| 9:18 | Alt2 · first_building Archery Range |
| 9:25 | Lex (LowElo) · wall_segment Palisade Wall x3 |
| 9:30 | Lex (LowElo) · wall_segment Palisade Wall x3 |
| 9:33 | Lex (LowElo) · wall_segment Palisade Wall x7 |
| 9:37 | Omicron · wall_segment Palisade Wall x9 |
| 9:50 | Omicron · age_up feudal |
| 9:53 | Omicron · first_building Archery Range |
| 9:54 | nester · wall_segment Palisade Wall x6 |
| 9:56 | nester · wall_segment Palisade Wall x8 |
| 9:59 | nester · wall_segment Palisade Wall x13 |
| 10:14 | _xy_2252 · wall_segment Palisade Wall x12 |
| 10:27 | Alt2 · wall_segment Palisade Wall x4 |
| 10:30 | nester · wall_segment Palisade Wall x7 |
| 10:32 | Lex (LowElo) · first_building Barracks |
| 10:32 | nester · wall_segment Palisade Wall x2 |
| 10:34 | nester · wall_segment Palisade Wall x6 |
| 10:46 | Omicron · wall_segment Palisade Wall x2 |
| 10:46 | 屋顶上的轻骑兵 · first_building Barracks |
| 10:50 | Omicron · wall_segment Palisade Wall x1 |
| 10:59 | Alt2 · wall_segment Palisade Wall x6 |
| 11:03 | Lex (LowElo) · wall_segment Palisade Wall x4 |
| 11:07 | Omicron · wall_segment Palisade Wall x4 |
| 11:07 | Lex (LowElo) · wall_segment Palisade Wall x5 |
| 11:10 | Lex (LowElo) · wall_segment Palisade Wall x12 |
| 11:19 | nester · age_up feudal |
| 11:20 | Omicron · wall_segment Palisade Wall x1 |
| 11:20 | 屋顶上的轻骑兵 · age_up feudal |
| 11:24 | Lex (LowElo) · wall_segment Palisade Wall x1 |
| 11:28 | _xy_2252 · age_up feudal |
| 11:31 | Alt2 · wall_segment Palisade Wall x5 |
| 11:34 | Omicron · wall_segment Palisade Wall x1 |
| 11:46 | Omicron · wall_segment Palisade Wall x7 |
| 11:59 | Lex (LowElo) · age_up feudal |
| 12:26 | Omicron · wall_segment Palisade Wall x1 |
| 12:55 | 熊猫有功夫 · age_up feudal |
| 13:16 | Alt2 · wall_segment Palisade Wall x12 |
| 13:23 | 屋顶上的轻骑兵 · first_building Stable |
| 13:27 | Lex (LowElo) · first_building Stable |
| 13:28 | _xy_2252 · wall_segment Stone Wall x6 |
| 13:37 | _xy_2252 · wall_segment Stone Wall x12 |
| 14:26 | Omicron · wall_segment Palisade Wall x8 |
| 14:47 | Lex (LowElo) · wall_segment Palisade Wall x1 |
| 15:13 | Alt2 · wall_segment Palisade Wall x1 |
| 15:13 | 屋顶上的轻骑兵 · wall_segment Palisade Wall x1 |
| 15:19 | 熊猫有功夫 · wall_segment Palisade Wall x9 |
| 15:28 | 不開冷氣汗如雨下 · wall_segment Palisade Wall x5 |
| 15:41 | _xy_2252 · first_market_buy 100 stone |
| 16:04 | _xy_2252 · wall_segment Stone Wall x1 |
| 16:28 | 熊猫有功夫 · wall_segment Palisade Wall x12 |
| 16:34 | 熊猫有功夫 · wall_segment Palisade Wall x8 |
| 16:36 | 熊猫有功夫 · wall_segment Palisade Wall x9 |
| 16:38 | _xy_2252 · wall_segment Stone Wall x1 |
| 16:47 | 不開冷氣汗如雨下 · wall_segment Palisade Wall x4 |
| 17:14 | 熊猫有功夫 · age_up castle |
| 17:19 | 熊猫有功夫 · first_building Castle |
| 17:57 | Lex (LowElo) · age_up castle |
| 18:11 | 屋顶上的轻骑兵 · wall_segment Palisade Wall x7 |
| 18:37 | 不開冷氣汗如雨下 · wall_segment Palisade Wall x4 |
| 19:01 | _xy_2252 · wall_segment Stone Wall x1 |
| 19:11 | nester · first_market_buy 100 food |
| 20:07 | nester · first_building Stable |
| 20:23 | Alt2 · first_building Stable |
| 20:31 | Alt2 · age_up castle |
| 20:38 | nester · wall_segment Palisade Wall x9 |
| 20:49 | 熊猫有功夫 · wall_segment Palisade Wall x1 |
| 21:43 | Alt2 · wall_segment Palisade Wall x3 |
| 21:56 | nester · age_up castle |
| 22:04 | _xy_2252 · wall_segment Stone Wall x1 |
| 22:21 | Omicron · wall_segment Palisade Wall x2 |
| 22:21 | _xy_2252 · wall_segment Stone Wall x1 |
| 22:32 | Omicron · wall_segment Palisade Wall x2 |
| 22:35 | _xy_2252 · wall_segment Stone Wall x7 |
| 22:47 | Omicron · age_up castle |
| 22:54 | 不開冷氣汗如雨下 · age_up castle |
| 22:58 | Omicron · first_building Siege Workshop |
| 23:16 | 不開冷氣汗如雨下 · first_market_sell 500 wood |
| 23:28 | _xy_2252 · wall_segment Stone Wall x19 |
| 23:40 | _xy_2252 · wall_segment Stone Wall x12 |
| 24:04 | _xy_2252 · wall_segment Stone Wall x16 |
| 24:33 | 熊猫有功夫 · first_building Barracks |
| 25:04 | 熊猫有功夫 · first_market_buy 100 food |
| 25:15 | 屋顶上的轻骑兵 · age_up castle |
| 25:36 | 熊猫有功夫 · first_building Stable |
| 26:11 | Omicron · first_market_buy 100 wood |
| 26:31 | _xy_2252 · first_market_sell 100 stone |
| 26:49 | Omicron · first_building Monastery |
| 26:50 | nester · wall_segment Palisade Wall x1 |
| 27:40 | Alt2 · first_market_buy 100 food |
| 27:56 | nester · first_building Castle |
| 28:59 | nester · wall_segment Stone Wall x9 |
| 29:34 | Alt2 · first_building Castle |
| 29:51 | _xy_2252 · wall_segment Stone Wall x10 |
| 30:03 | _xy_2252 · wall_segment Stone Wall x7 |
| 30:44 | Alt2 · wall_segment Palisade Wall x1 |
| 31:03 | 不開冷氣汗如雨下 · first_market_buy 500 stone |
| 31:10 | _xy_2252 · age_up castle |
| 31:30 | 屋顶上的轻骑兵 · first_building Castle |
| 31:45 | 不開冷氣汗如雨下 · first_building Castle |
| 32:46 | _xy_2252 · first_building Siege Workshop |
| 33:46 | 屋顶上的轻骑兵 · first_building Siege Workshop |
| 33:55 | nester · age_up imperial |
| 34:29 | 不開冷氣汗如雨下 · first_building Siege Workshop |
| 36:51 | Omicron · age_up imperial |
| 37:04 | _xy_2252 · resign |
| 38:13 | 熊猫有功夫 · first_market_sell 100 food |
| 38:22 | Omicron · first_building Castle |
| 39:25 | 熊猫有功夫 · first_building Archery Range |
| 39:44 | Lex (LowElo) · first_building Castle |
| 40:13 | Alt2 · age_up imperial |
| 40:44 | Omicron · first_market_sell 500 food |
| 41:32 | 熊猫有功夫 · age_up imperial |
| 41:36 | Lex (LowElo) · wall_segment Stone Wall x10 |
| 41:57 | Lex (LowElo) · wall_segment Stone Wall x14 |
| 41:59 | Lex (LowElo) · wall_segment Stone Wall x12 |
| 42:56 | Lex (LowElo) · wall_segment Stone Wall x7 |
| 42:58 | Lex (LowElo) · wall_segment Stone Wall x8 |
| 43:02 | Lex (LowElo) · wall_segment Stone Wall x15 |
| 44:03 | Alt2 · first_market_sell 100 food |
| 44:40 | Lex (LowElo) · wall_segment Stone Wall x9 |
| 44:44 | Lex (LowElo) · wall_segment Stone Wall x5 |
| 44:47 | Lex (LowElo) · wall_segment Stone Wall x14 |
| 45:26 | nester · first_building Archery Range |
| 46:32 | Alt2 · first_building Siege Workshop |
[ AI ANALYSIS · 1 CREDIT ]
What really happened in this match?
Wolo.gg analyzes every decision: build order, eco, micro, common mistakes by bracket. Personalized analysis on WhatsApp or Discord in 30 seconds.
Civ guide
Magyars
Perfil
Jugador #6741234